 Dungeon Crawl Stone Soup version 0.22-a0-362-g535178c (webtiles) character file.

9084 mortelune the Carver (level 11, -1/87 HPs)
             Began as a Demonspawn Abyssal Knight on Apr 20, 2018.
             Was a Priest of Lugonu.
             Slain by an unseen horror (2 damage)
             ... on level 11 of the Dungeon.
             The game lasted 00:36:33 (17596 turns).

mortelune the Carver (Demonspawn Abyssal Knight)   Turns: 17596, Time: 00:36:33

Health: -1/87      AC: 15    Str: 21    XL:     11   Next: 18%
Magic:  16/17      EV: 10    Int: 14    God:    Lugonu [***...]
Gold:   713        SH:  0    Dex: 12    Spells: 10/10 levels left

rFire    + + .     SeeInvis .   f - +3 long sword (curse)
rCold    + . .     Gourm    .   (no shield)
rNeg     + . .     Faith    .   E - +0 scale mail {rC+}
rPois    .         Spirit   .   y - +1 hat
rElec    .         Reflect  .   (no cloak)
rCorr    .         Harm     .   x - +0 pair of gloves
MR       .....                  m - +0 pair of boots
Stlth    ..........             (no amulet)
HPRegen  0.24/turn              g - ring of positive energy
MPRegen  0.15/turn              w - ring of protection from fire

@: mighty, lethally poisoned (-1 -> -4)
A: talons 1, molten scales 3, powered by pain 3, rot immunity
a: Depart the Abyss, Bend Space, Banish, Renounce Religion


You were on level 11 of the Dungeon.
You worshipped Lugonu.
Lugonu was most pleased with you.
You were not hungry.

You visited 2 branches of the dungeon, and saw 12 of its levels.
You visited the Abyss 1 time.

You collected 713 gold pieces.

Inventory:

Hand Weapons
 a - a +1 falchion
 f - a cursed +3 long sword (weapon)
 o - a +0 falchion of freezing
Missiles
 i - 6 poisoned tomahawks
 l - 9 tomahawks
 n - 6 javelins (quivered)
Armour
 b - a +0 leather armour
 d - a +0 ring mail
 m - a +0 pair of boots (worn)
 v - a +0 scale mail
 x - a +0 pair of gloves (worn)
 y - a +1 hat (worn)
 z - the -1 pair of boots of the Thistle {+Inv rElec rN+}
   (You found it on level 7 of the Dungeon)

   It insulates you from electricity.
   It protects you from negative energy.
   It lets you turn invisible.
 E - a +0 scale mail of cold resistance (worn)
 I - a +0 plate armour
Jewellery
 g - a ring of positive energy (left hand)
 w - a ring of protection from fire (right hand)
 G - a +5 amulet of reflection {unknown}
 J - a cursed ring of teleportation {unknown}
Wands
 q - a wand of polymorph (9)
 C - a wand of random effects (22)
 F - a wand of flame (26)
 K - a wand of digging (18)
Scrolls
 h - 2 scrolls of immolation {unknown}
 k - 2 scrolls of fog
 p - 4 scrolls of remove curse
 t - 2 scrolls of amnesia
 B - a scroll of magic mapping {unknown}
 D - a scroll of noise {unknown}
 H - a scroll of identify
 N - a scroll of brand weapon {unknown}
 O - a scroll of random uselessness {unknown}
Potions
 e - a potion of might
 j - 3 potions of haste
 r - 2 potions of ambrosia {unknown}
 s - 5 potions of mutation
 u - 2 potions of degeneration {unknown}
 A - 2 potions of curing
 L - a potion of agility {unknown}
Comestibles
 c - 18 rations
 M - 3 chunks of flesh


   Skills:
 + Level 8.8 Fighting
 * Level 10.8 Long Blades
 + Level 7.8 Armour
 - Level 0.9 Dodging
 - Level 8.1 Invocations


You had 10 spell levels left.
You didn't know any spells.

Dungeon Overview and Level Annotations

Branches:
Dungeon (11/15)            Temple (0/1) D:6            Lair (1/6) D:9
    Orc: D:9-12

Altars:
Fedhas
Hepliaklqana
Kikubaaqudgha
Okawaru
Qazlal
Uskayaw
Vehumet
Wu Jian
Yredelemnul
The Shining One

Shops:
D:8 %

Annotations:
D:9 1 runed door


Innate Abilities, Weirdness & Mutations

You have sharp toenails.
You are completely covered in molten scales. (AC +4, rF+)
You are powered by pain.
You are immune to rotting.


Message History

The killer bee stings you.
* * * LOW HITPOINT WARNING * * *
You are more poisoned.
The killer bee poisons you!
You feel sick. The killer bee barely misses you.
You riposte.
You slash the killer bee!
You kill the killer bee!
Lugonu accepts your kill.
Okay, then.
Okay, then.
Space bends around you!
You blink.
You feel sick.
You feel sick.
You feel sick. Something hits you.
* * * LOW HITPOINT WARNING * * *
Something hits you but does no damage. x2
* * * LOW HITPOINT WARNING * * *
You feel sick. Something hits you but does no damage.
* * * LOW HITPOINT WARNING * * *
You feel sick. Something hits you.
You die...

##.>..........##.##########
###.......########...........
#......##.####....>..........
......###..#.................
......# ##....................
.....####.....................
.....# #......................
....## #......................
....# #........@.............
...## #.......{..............
...# ##.u....................
..#####...............<.......
..............................
......................((......
..#####..........(((..(.......
...# #.......................
...## #..........)............


You could see a green ugly thing.

Vanquished Creatures
  Joseph (D:7)
  2 centaur skeletons (D:10)
  A queen bee (D:8)
  Grinder (D:5)
  Prince Ribbit (D:5)
  The ghost of Nib the Ducker, an amateur OpFi of Gozag (D:5)
  A wraith (D:10)
  Edmund (D:6)
  A porcupine (D:9)
  2 black bears (D:9)
  2 ice beasts
  5 orc warriors
  A phantom (D:6)
  6 ogres
  6 centaurs
  4 bullfrogs
  A water moccasin zombie (D:9)
  2 scorpions
  19 killer bees
  5 wights
  A howler monkey (D:8)
  5 crimson imps
  2 centaur zombies
  2 bullfrog zombies
  5 hounds
  2 jellies (D:10)
  5 orc priests
  4 iguanas
  9 orc wizards
  Jessica (D:3)
  Natasha (twice) (D:3)
  A bullfrog skeleton (D:8)
  15 worker ants
  A hound zombie (D:7)
  3 hound skeletons
  2 howler monkey zombies (D:8)
  4 adders
  7 gnolls
  2 shadow imps
  2 oozes (D:5)
  An adder zombie (D:5)
  An adder skeleton (D:4)
  8 leopard geckos
  31 orcs
  5 bats
  5 giant cockroaches
  3 goblins
  5 hobgoblins
  2 jackals (D:2)
  3 quokkas
  A ball python (D:1)
  4 frilled lizards
  4 kobolds
  2 leopard gecko skeletons
  3 rats
  A spectral orc (D:8)
217 creatures vanquished.

Vanquished Creatures (others)
  4 two-headed ogres
  The ghost of VDreamerV the Transmogrifier, a novice OpTm of Cheibriados (D:10)
  An ugly thing (D:9)
  A hippogriff (D:9)
  An orc wizard (D:4)
  A hound zombie (D:7)
  A plant (D:5)
10 creatures vanquished.

Grand Total: 227 creatures vanquished

Notes
Turn   | Place    | Note
-------+----------+-------------------------------------------
     0 | Abyss:1  | mortelune the Demonspawn Abyssal Knight began the quest for the Orb.
     0 | Abyss:1  | Reached XP level 1. HP: 18/18 MP: 2/2
    52 | D:1      | Escaped the Abyss
   327 | D:1      | Reached skill level 2 in Long Blades
   635 | D:1      | Gained mutation: You sometimes gain a little power by taking damage. [demonic ancestry]
   635 | D:1      | Reached XP level 2. HP: 24/24 MP: 3/3
  1161 | D:2      | Noticed Jessica
  1161 | D:2      | Noticed an ogre
  1306 | D:2      | Gained mutation: You have sharp toenails. [demonic ancestry]
  1306 | D:2      | Reached XP level 3. HP: 22/29 MP: 4/4
  1746 | D:2      | Reached ** piety under Lugonu
  1756 | D:2      | Reached skill level 3 in Long Blades
  1756 | D:2      | Gained mutation: You are partially covered in molten scales. (AC +2) [demonic ancestry]
  1756 | D:2      | Reached XP level 4. HP: 17/35 MP: 5/5
  2122 | D:3      | Noticed Natasha
  2137 | D:3      | Killed Natasha
  2432 | D:3      | Noticed Natasha
  2436 | D:3      | Killed Natasha
  2436 | D:3      | Reached XP level 5. HP: 30/42 MP: 6/6
  2803 | D:3      | Killed Jessica
  2869 | D:4      | Reached skill level 4 in Long Blades
  3060 | D:4      | Gained mutation: You sometimes gain power by taking damage. [demonic ancestry]
  3060 | D:4      | Reached XP level 6. HP: 42/48 MP: 7/7
  3944 | D:5      | Entered Level 5 of the Dungeon
  4465 | D:5      | Gained mutation: You are mostly covered in molten scales. (AC +3) [demonic ancestry]
  4465 | D:5      | Reached XP level 7. HP: 55/55 MP: 9/9
  4468 | D:5      | Reached skill level 5 in Long Blades
  4655 | D:5      | Noticed Grinder
  4658 | D:5      | Paralysed by Grinder for 7 turns
  4667 | D:5      | Paralysed by Grinder for 4 turns
  4685 | D:5      | Paralysed by Grinder for 4 turns
  4692 | D:5      | Killed Grinder
  4940 | D:5      | Noticed Nib's ghost (amateur OpFi)
  5005 | D:4      | Reached skill level 5 in Fighting
  5310 | D:5      | Killed Nib's ghost
  5310 | D:5      | Gained mutation: You are completely covered in molten scales. (AC +4, rF+) [demonic ancestry]
  5310 | D:5      | Reached XP level 8. HP: 23/62 MP: 11/11
  5793 | D:5      | Reached skill level 6 in Long Blades
  5888 | D:6      | Noticed Prince Ribbit
  6166 | D:6      | Reached skill level 5 in Invocations
  6672 | D:6      | Found a staircase to the Ecumenical Temple.
  6675 | D:6      | Noticed Edmund
  6729 | D:6      | Killed Edmund
  7123 | D:6      | Found an iron altar of Okawaru.
  7160 | D:6      | Found an ornate altar of the Wu Jian Council.
  7635 | D:7      | Reached *** piety under Lugonu
  7944 | D:7      | Found a blossoming altar of Fedhas.
  8192 | D:7      | Reached skill level 7 in Long Blades
  8192 | D:7      | Reached skill level 5 in Armour
  8647 | D:7      | Found a hazy altar of Hepliaklqana.
  8868 | D:7      | Found a stormy altar of Qazlal.
  9039 | D:7      | Noticed Joseph
  9336 | D:7      | Found a glowing golden altar of the Shining One.
  9406 | D:7      | Gained mutation: You are powered by pain. [demonic ancestry]
  9406 | D:7      | Reached XP level 9. HP: 64/69 MP: 13/13
  9709 | D:7      | Killed Joseph
  9938 | D:7      | Got a pair of crude boots
  9949 | D:7      | Identified the cursed -1 pair of boots of the Thistle {+Inv rElec rN+} (You found it on level 7 of the Dungeon)
  9992 | D:8      | Found an ancient bone altar of Kikubaaqudgha.
  9992 | D:8      | Noticed a two-headed ogre
  9996 | D:7      | Banished a two-headed ogre
  9996 | D:7      | Reached skill level 8 in Long Blades
 10227 | D:8      | Found Odeuc's Food Shoppe.
 11513 | D:8      | Reached **** piety under Lugonu
 11783 | D:8      | Noticed a two-headed ogre
 11783 | D:8      | Banished a two-headed ogre
 11783 | D:8      | Gained mutation: You are immune to rotting. [demonic ancestry]
 11783 | D:8      | Reached XP level 10. HP: 59/79 MP: 14/16
 11921 | D:8      | Reached skill level 9 in Long Blades
 11969 | D:8      | Noticed a two-headed ogre
 11971 | D:8      | Banished a two-headed ogre
 12505 | D:8      | Found a glowing golden altar of the Shining One.
 12512 | D:8      | Found a radiant altar of Vehumet.
 12808 | D:8      | Found a basalt altar of Yredelemnul.
 12939 | D:5      | Killed Prince Ribbit
 14092 | D:9      | Noticed a two-headed ogre
 14093 | D:9      | Banished a two-headed ogre
 14155 | D:9      | Found a hide-covered altar of Uskayaw.
 14177 | D:9      | Reached skill level 10 in Long Blades
 14329 | D:9      | Found a staircase to the Lair.
 14467 | D:9      | Found a runed door.
 14467 | D:9      | Noticed a green ugly thing
 14472 | D:9      | Banished a green ugly thing
 14873 | D:10     | Entered Level 10 of the Dungeon
 15218 | D:10     | Noticed VDreamerV's ghost (novice OpTm)
 15244 | D:10     | Banished VDreamerV's ghost
 15244 | D:10     | Reached XP level 11. HP: 87/87 MP: 4/17
 16282 | Lair:1   | Entered Level 1 of the Lair of Beasts
 16310 | Lair:1   | Noticed a five-headed hydra
 17571 | D:11     | Noticed a green ugly thing
 17593 | D:11     | HP: 2/87 [something (3)]
 17596 | D:11     | Slain by an unseen horror

Vault maps used:
D:1:      minmay_arrival_four_loops, roderic_roman_lattice, hex_medium,
          grunt_decor_mini_mirrors
D:2:      uniq_jessica
D:3:      uniq_natasha
D:4:      first_ration
D:5:      serial_bayou_pond_c, grunt_ministairs_6, uniq_grinder
D:6:      nicolae_overflow_crystal_walls, okawaru_metal_pillars_1_2,
          minmay_temple_entry_grid, uniq_edmund, uniq_prince_ribbit1
D:7:      lemuel_crystal_altar, kennysheep_mini, basic_altar,
          grunt_qazlal_clouds, uniq_joseph
D:8:      yredelemnul_forgotten_temple_becter, lemuel_crystal_altar,
          old_standard_altar, serial_shops, nicolae_shop_trees, david_nohive_1,
          tso_metal_star
D:9:      eat_drink_and_be_merry_uskayaw, grunt_lair_entry_orc_guard_hut,
          st_stairs_4, minivault_13
D:11:     grunt_ministairs_3
Lair:1:   minivault_26, serial_bayou_pond_d, beast_lair_carwin_8

Skill      XL: |  1  2  3  4  5  6  7  8  9 10 |
---------------+-------------------------------+-----
Long Blades    | 2 3 4 5 7 8 10 | 10.8
Armour         | 2 3 4 5 6 7 |  7.8
Fighting       | 4 5 6 7 8 |  8.8
Invocations    | 3 4 6 8 |  8.1
Dodging        | |  0.9

Action                   |  1- 3 |  4- 6 |  7- 9 | 10-12 || total
-------------------------+-------+-------+-------+-------++-------
Melee: Falchion          |    80 |   100 |   638 |       ||   818
       Kick              |    11 |    30 |    49 |       ||    90
       Unarmed           |       |       |     1 |       ||     1
       Long sword        |       |       |    24 |   337 ||   361
Throw: Javelin           |       |     2 |     1 |     8 ||    11
Invok: Banish            |       |       |     1 |    15 ||    16
       Bend Space        |       |       |     1 |     1 ||     2
Evoke: Wand              |       |       |       |     2 ||     2
  Use: Scroll            |       |     4 |     9 |     1 ||    14
       Potion            |       |     1 |     8 |     1 ||    10
 Stab: Sleeping          |     1 |       |       |       ||     1
  Eat: Chunk             |     3 |     7 |    15 |    21 ||    46
       Ration            |       |       |     3 |     1 ||     4
Armor: Ring mail         |    28 |    38 |   162 |       ||   228
       Leather armour    |     2 |       |       |       ||     2
       Scale mail        |       |       |   189 |   148 ||   337
       Plate armour      |       |       |       |   153 ||   153
Dodge: Dodged            |    50 |    51 |   334 |   159 ||   594
       Rpst.: Falchion   |    19 |    17 |   113 |       ||   149
       Long sword        |       |       |     4 |    51 ||    55

Table legend:
 A = Spawn XP
 B = Non-spawn XP
 C = Spawn XP percentage of total XP
 D = Spawn monster count
 E = Non-spawn monster count
 F = Spawn count percentage of total count
 G = Total turns spent on level
                    A         B        C        D         E        F      G
               +---------+---------+-------+---------+---------+-------+---------
         Total |       0 |   12978 |   0.0 |       0 |     225 |   0.0 | 17596
               +---------+---------+-------+---------+---------+-------+---------
           D:1 |       0 |      25 |   0.0 |       0 |      16 |   0.0 |  1270
           D:2 |       0 |     237 |   0.0 |       0 |      18 |   0.0 |   990
           D:3 |       0 |     156 |   0.0 |       0 |       8 |   0.0 |  1017
           D:4 |       0 |     339 |   0.0 |       0 |      17 |   0.0 |  1856
           D:5 |       0 |    1223 |   0.0 |       0 |      21 |   0.0 |  1511
           D:6 |       0 |     555 |   0.0 |       0 |      19 |   0.0 |  2046
           D:7 |       0 |    1975 |   0.0 |       0 |      32 |   0.0 |  2472
           D:8 |       0 |    3084 |   0.0 |       0 |      35 |   0.0 |  2153
           D:9 |       0 |    2457 |   0.0 |       0 |      29 |   0.0 |  1572
          D:10 |       0 |    2435 |   0.0 |       0 |      24 |   0.0 |  2205
          D:11 |       0 |     492 |   0.0 |       0 |       6 |   0.0 |   396
               +---------+---------+-------+---------+---------+-------+---------
